 Dungeon Crawl Stone Soup version 0.21-a0-273-g0785366 (webtiles) character file.

127 JackS81 the Changer (level 5, 0/33 HPs)
             Began as an Octopode Transmuter on Sept 16, 2017.
             Slain by a gnoll
             ... wielding a +0 spear
              (6 damage)
             ... on level 2 of the Dungeon.
             The game lasted 00:06:48 (1877 turns).

JackS81 the Changer (Octopode Transmuter)           Turns: 1877, Time: 00:06:49

Health: 0/33       AC:  2    Str: 10    XL:     5   Next: 11%
Magic:  2/8        EV: 19    Int: 16    God:
Gold:   67         SH:  0    Dex: 17    Spells: 4/8 levels left

rFire    . . .     SeeInvis .     - Unarmed
rCold    . . .     Gourm    .   (shield currently unavailable)
rNeg     . . .     Faith    .   (helmet currently unavailable)
rPois    x         Spirit   .   (no amulet)
rElec    .         Reflect  .   (no ring)
rCorr    .         Harm     .   (no ring)
MR       .....                  (no ring)
Stlth    ++........             (no ring)
HPRegen  0.11/turn              (no ring)
MPRegen  0.11/turn              (no ring)
                                (no ring)
                                (no ring)

@: spider-form (expiring), flying, very slightly contaminated, slowed,
invisible, very slow
A: almost no armour, stealthy swim, (amphibious), 8 rings, (constrict 8)
a: End Transformation


You were on level 2 of the Dungeon.
You were not hungry.
You were a venomous arachnid creature.
You visited 1 branch of the dungeon, and saw 2 of its levels.

You collected 67 gold pieces.

Inventory:

Missiles
 a - 12 arrows
 k - 15 poisoned needles
Armour
 m - a +0 shield
Scrolls
 e - a scroll of remove curse {unknown}
 f - 2 scrolls of teleportation {unknown}
 h - a scroll of magic mapping {unknown}
 i - a scroll of immolation {unknown}
 j - a scroll of fear {unknown}
 n - 3 scrolls of identify {unknown}
 r - a scroll of enchant weapon {unknown}
Books
 b - a book of Changes

   Spells                             Type                      Level
   a - Beastly Appendage              Transmutation                1
   b - Sticks to Snakes               Transmutation                2
   c - Spider Form                    Transmutation/Poison         3
   d - Ice Form                       Ice/Transmutation            4
   e - Blade Hands                    Transmutation                5
Comestibles
 c - 2 bread rations
 d - 3 meat rations
 p - a royal jelly


   Skills:
 - Level 1.0 Fighting
 - Level 2.0 Dodging
 * Level 1.3 Shields
 - Level 3.0 Unarmed Combat
 - Level 2.0 Spellcasting
 * Level 4.8 Transmutations


You had 4 spell levels left.
You knew the following spells:

 Your Spells              Type           Power        Failure   Level  Hunger
a - Beastly Appendage     Tmut           ###...       10%         1    #......
b - Spider Form           Tmut/Pois      #.........   43%         3    ###....


Dungeon Overview and Level Annotations

Branches:
Dungeon (2/15)

Altars:
Cheibriados


Innate Abilities, Weirdness & Mutations

You cannot wear most types of armour.
You are very stealthy in the water. (Stealth+)
((You are amphibious.))
You can wear up to eight rings at the same time.
((You can use your tentacles to constrict eight enemies at once.))
((Your skin changes colour to match your surroundings (Stealth+).))
((Your rubbery body absorbs attacks. (AC +1, EV +1)))


Message History

Your transformation is almost over.
Natasha closely misses you.
You closely miss Natasha.
Natasha is heavily wounded.
You kill Natasha!
Natasha yowls pathetically as she dies!
The crimson imp disappears in a puff of smoke! x2
You have reached level 5!
You feel stronger. The bat completely misses you. The bat closely misses you.
The bat completely misses you.
You hit the bat.
The bat is poisoned.
The bat is almost dead.
You kill the bat!
You hit the gnoll but do no damage.
The gnoll is poisoned.
The gnoll misses you. x2
You hit the gnoll.
The gnoll looks as sick as possible!
The gnoll is heavily wounded.
The gnoll hits you with a spear.
You die...

######### ........###
..........# ####.####.#
##.....##.# ###
#.......#.###### .. .
#.......#......# .###...
...._..........####.......
#.......#)......sggr....!.
#.......#.#########....(..
##.....##...# ...#...
####.####.#.# ..... .
............# .......
..#...#)#.#########..#....
.....<#.#.##......#..####+
.#####............#..# ##
≈####.##.......... #.


You could see a gnoll, a goblin and a rat.

Vanquished Creatures
  Natasha (D:2)
  3 gnolls (D:2)
  2 adders (D:2)
  2 worms (D:2)
  3 dart slugs
  6 bats
  8 goblins
  4 hobgoblins
  4 jackals (D:1)
  5 kobolds
  A ball python (D:2)
  A frilled lizard (D:1)
  8 rats
48 creatures vanquished.

Notes
Turn   | Place    | Note
-------+----------+-------------------------------------------
     0 | D:1      | JackS81 the Octopode Transmuter began the quest for the Orb.
     0 | D:1      | Reached XP level 1. HP: 13/13 MP: 3/3
   365 | D:1      | Reached XP level 2. HP: 16/18 MP: 3/5
   562 | D:1      | Reached skill level 3 in Transmutations
   721 | D:1      | Reached XP level 3. HP: 7/23 MP: 4/6
  1519 | D:2      | Reached skill level 4 in Transmutations
  1636 | D:2      | Learned a level 3 spell: Spider Form
  1652 | D:2      | Reached XP level 4. HP: 28/28 MP: 4/7
  1781 | D:2      | Found a snail-covered altar of Cheibriados.
  1846 | D:2      | Noticed Natasha
  1859 | D:2      | Reached skill level 1 in Shields
  1874 | D:2      | Killed Natasha
  1874 | D:2      | Reached XP level 5. HP: 5/33 MP: 2/8
  1877 | D:2      | Slain by a gnoll

Vault maps used:
D:1:      onia_arrival_mini_maze
D:2:      old_standard_altar, minmay_misc_feat_iff, nicolae_underground_beach,
          uniq_natasha

Skill      XL: |  1  2  3  4 |
---------------+-------------+-----
Transmutations | 3 4 |  4.8
Shields        | 1 |  1.3
Fighting       | |  1.0
Dodging        | |  2.0
Unarmed Combat | |  3.0
Spellcasting   | |  2.0

Action                   |  1- 3 |  4- 6 || total
-------------------------+-------+-------++-------
Melee: Unarmed           |    82 |    35 ||   117
       Constrict         |    19 |     4 ||    23
       Tentacles         |    14 |     2 ||    16
       Kick              |     9 |     1 ||    10
       Punch             |     3 |     1 ||     4
 Cast: Beastly Appendage |    13 |     2 ||    15
       Spider Form       |     1 |     5 ||     6
 Abil: End Transformatio |       |     1 ||     1
  Use: Potion            |     1 |     2 ||     3
 Stab: Sleeping          |     5 |     1 ||     6
  Eat: Chunk             |     3 |       ||     3
       Fruit             |       |     1 ||     1
Armor: Skin              |     7 |       ||     7
Dodge: Dodged            |    62 |    27 ||    89

Table legend:
 A = Spawn XP
 B = Non-spawn XP
 C = Spawn XP percentage of total XP
 D = Spawn monster count
 E = Non-spawn monster count
 F = Spawn count percentage of total count
 G = Total turns spent on level
                    A         B        C        D         E        F      G
               +---------+---------+-------+---------+---------+-------+---------
         Total |       0 |     182 |   0.0 |       0 |      48 |   0.0 |  1877
               +---------+---------+-------+---------+---------+-------+---------
           D:1 |       0 |      49 |   0.0 |       0 |      28 |   0.0 |  1465
           D:2 |       0 |     133 |   0.0 |       0 |      20 |   0.0 |   412
               +---------+---------+-------+---------+---------+-------+---------
